 Dungeon Crawl Stone Soup version 0.13-b1-28-gc7b9293 (webtiles) character file.

199 Kae the Cudgeler (level 3, 0/49 HPs)
             Began as a Minotaur Berserker on Oct 4, 2013.
             Was a Believer of Trog.
             Slain by Crazy Yiuf
             ... wielding a +3,+2 quarterstaff of chaos
              (14 damage)
             ... on Level 2 of the Dungeon.
             The game lasted 00:02:20 (1041 turns).

Kae the Cudgeler (Minotaur Berserker)               Turns: 1041, Time: 00:02:21

HP   0/49        AC  2     Str 26      XL: 3   Next: 94%
MP   1/1         EV 12     Int  5      God: Trog [**....]
Gold 134         SH  0     Dex  9      Spells:  0 memorised,  2 levels left

Res.Fire  : . . .   See Invis. : .   a - +0 mace
Res.Cold  : . . .   Warding    : .   b - +0 animal skin
Life Prot.: . . .   Conserve   : .   (no shield)
Res.Poison: .       Res.Corr.  : .   (helmet restricted)
Res.Elec. : .       Clarity    : .   (no cloak)
Sust.Abil.: . .     Spirit.Shd : .   (no gloves)
Res.Mut.  : .       Stasis     : .   (no boots)
Res.Rott. : .       Flight     : .   (no amulet)
Saprovore : . . .                    (no ring)
                                     (no ring)

@: regenerating, berserking, very quick, quite resistant to hostile
enchantments, extremely unstealthy
A: retaliatory headbutt, horns 2
a: Burn Spellbooks, Berserk, Trog's Hand, Renounce Religion


You were on level 2 of the Dungeon.
You worshipped Trog.
Trog was pleased with you.
You were hungry.

You visited 1 branch of the dungeon, and saw 2 of its levels.

You collected 114 gold pieces.

Inventory:

Hand weapons
 a - a +0,+0 mace (weapon)
Armour
 b - a +0 animal skin (worn)
Comestibles
 c - 3 bread rations
 h - a pear
 l - a slice of pizza
Scrolls
 d - 2 scrolls of identify {unknown}
 e - a scroll of random uselessness {unknown}
 i - a scroll of amnesia {unknown}
 j - a scroll of noise {unknown}
 m - a scroll of remove curse {unknown}
Jewellery
 o - an uncursed ring of protection from fire {unknown}
 p - an uncursed amulet of inaccuracy {unknown}
Potions
 f - a potion of curing {unknown}
 g - 2 potions of resistance {unknown}
 k - a potion of brilliance {unknown}
 n - a potion of poison {unknown}


   Skills:
 - Level 3.6 Fighting
 + Level 5.9 Maces & Flails
 - Level 2.4 Armour
 - Level 2.1 Dodging


You had 2 spell levels left.
You didn't know any spells.

Dungeon Overview and Level Annotations

Branches:
Dungeon (2/27)

Altars:

Annotations:
D:2 Crazy Yiuf


Innate Abilities, Weirdness & Mutations

You reflexively headbutt those who attack you in melee.
You have a pair of horns on your head.


Message History

Crazy Yiuf hits you with a quarterstaff of chaos.
You are electrocuted!
Crazy Yiuf flaps his cloak.
You see here a hammer.
Use which ability? (? or * to list)
Your skin crawls.
You feel resistant to hostile enchantments.
You are feeling hungry.
Crazy Yiuf laughs, "Shower!"
Crazy Yiuf hits you with a quarterstaff of chaos!
* * * LOW HITPOINT WARNING * * *
Crazy Yiuf grits, "Whippet senile stair!"
You see here a hammer.
Use which ability? (? or * to list)
A red film seems to cover your vision as you go berserk!
You feel yourself moving faster!
You feel mighty!
You feel somewhat more hungry.
Crazy Yiuf says, "Snoogle!
Gum agre turtle."
Crazy Yiuf hits you with a quarterstaff of chaos!
You die...

#.......# #.#
#.##.#### ####.##
#.##.# #......
#.##.##♣♣♣ #####.#
#.#####♣♣♣♣ ♣# ###
#.#
#.##....♣♣♣♣♣♣#)))#
#.#
#..%.....♣♣♣♣)))).#
#.. ####...♣.)♣g)♣#
#.# ##...)♣@♣♣♣#
#.. ###♣♣♣♣♣♣♣♣ #.#
#♣♣♣♣♣♣ #.# #.# #.#
#.# #.. #.. #.#


You could see Crazy Yiuf.

Vanquished Creatures
  3 adders (D:2)
  A ball python (D:2)
  4 bats (D:1)
  A giant cockroach (D:1)
  7 goblins
  8 hobgoblins
  5 giant newts
  5 kobolds
  4 rats
38 creatures vanquished.

Notes
Turn   | Place    | Note
--------------------------------------------------------------
     0 | D:1      | Kae, the Minotaur Berserker, began the quest for the Orb.
     0 | D:1      | Reached XP level 1. HP: 19/19 MP: 0/0
    15 | D:1      | Reached skill level 4 in Maces & Flails
    70 | D:1      | Reached XP level 2. HP: 23/26 MP: 0/0
   203 | D:1      | Acquired Trog's second power
   305 | D:1      | Reached skill level 5 in Maces & Flails
   463 | D:2      | Reached XP level 3. HP: 33/33 MP: 1/1
  1033 | D:2      | Noticed Crazy Yiuf
  1041 | D:2      | Slain by Crazy Yiuf

Action                   || total
-------------------------++-------
Melee: Mace              ||    71
Invok: Berserk           ||     1
       Trog's Hand       ||     1
